 Dungeon Crawl Stone Soup version 0.30-a0-694-g3340775977 (webtiles) character file.

Game seed: 9512599425808219826

114 Bnni the Vexing (level 5, -5/38 HPs)
             Began as a Formicid Hexslinger on Jan 20, 2023.
             Slain by a river rat (8 damage)
             ... in a sewer.
             The game lasted 00:02:18 (1178 turns).

Bnni the Vexing (Formicid Hexslinger)               Turns: 1178, Time: 00:02:19

Health: -5/38      AC:  2    Str: 15    XL:     5   Next: 18%
Magic:  4/7        EV: 12    Int: 20    God:
Gold:   109        SH:  0    Dex: 20    Spells: 6/7 levels left

rFire   . . .      SeeInvis +    a - +1 sling
rCold   . . .      Faith    .    (no shield)
rNeg    . . .      Spirit   .    c - +0 robe
rPois   .          Reflect  .    (helmet unavailable)
rElec   .          Harm     .    (no cloak)
rCorr   .          Rampage  .    (no gloves)
Will    .....                    (no boots)
Stlth   ++                       (no amulet)
HPRegen 0.26/turn                k - +6 ring of intelligence
MPRegen 0.10/turn                o - +6 ring of dexterity

@: no status effects
A: permanent stasis, dig shafts and tunnels, antennae 3, four strong arms
a: Dig


You were in a sewer.
You visited 1 branch of the dungeon, and saw 3 of its levels.
You also visited: Sewer.

You collected 109 gold pieces.

Inventory:

Hand Weapons
 a - a +1 sling (weapon)
Armour
 c - a +0 robe (worn)
Jewellery
 k - a +6 ring of intelligence (left hand)
 o - a +6 ring of dexterity (right hand)
Scrolls
 b - a scroll of poison
 f - 3 scrolls of teleportation {unknown}
 g - a scroll of vulnerability {unknown}
 h - a scroll of noise {unknown}
 i - a scroll of amnesia {unknown}
 l - a scroll of identify {unknown}
 m - 2 scrolls of enchant armour {unknown}
 q - a scroll of enchant weapon {unknown}
Potions
 d - 2 potions of curing {unknown}
 e - a potion of might {unknown}
 j - 2 potions of mutation
 n - a potion of lignification {unknown}
 p - 4 potions of flight


   Skills:
 + Level 1.9 Fighting
 * Level 3.0 Ranged Weapons
 - Level 1.7 Dodging
 + Level 1.7 Spellcasting
 * Level 4.5 Hexes
 * Level 2.0 Fire Magic


You had 6 spell levels left.
You knew the following spells:

 Your Spells              Type           Power      Damage    Failure   Level
a - Slow                  Hex            80%        N/A       2%          1

Your spell library contained the following spells:

 Spells                   Type           Power      Damage    Failure   Level
 Inner Flame              Hex/Fire       14%        N/A       13%         3
 Sandblast                Erth           2%         2d4       16%         1
 Portal Projectile        Hex/Tloc       20%        N/A       19%         3
 Passwall                 Tmut/Erth      0%         N/A       24%         2
 Cause Fear               Hex            10%        N/A       24%         4
 Hailstorm                Conj/Ice       1%         3d3       43%         3
 Stone Arrow              Conj/Erth      2%         3d7       43%         3
 Ice Form                 Ice/Tmut       1%         N/A       85%         4
 Simulacrum               Ice/Necr       0%         N/A       100%        6


Dungeon Overview and Level Annotations

Branches:
Dungeon (3/15)              Sewer (1/1)

Altars:


Innate Abilities, Weirdness & Mutations

You cannot be hasted, slowed, berserked, paralysed or teleported.
You can dig through walls and to a lower floor.
You have a pair of large antennae on your head. (SInv)
Your four strong arms can wield two-handed weapons with a shield.


Message History

The river rat closely misses you. The river rat barely misses you.
You shoot a sling bullet.
The sling bullet closely misses the river rat.
The sling bullet hits the river rat but does no damage.
The river rat bites you. x2
You are too injured to fight recklessly!
Casting: Slow (safe; 2% risk of failure)
Confirm with . or Enter, or press ? or * to list all spells.
Aiming: Slow (safe; 2% risk of failure)
Press: ? - help, Shift-Dir - straight line, f/p - river rat
Aim: a river rat (severely wounded, chance to affect: 61%)
The river rat seems to slow down.
The river rat barely misses you. The river rat closely misses you.
You shoot a sling bullet. The sling bullet hits the river rat!
You kill the river rat!
The river rat closely misses you. The river rat bites you.
The river rat closely misses you.
Your Fire Magic skill increases to level 2!
Casting: Slow (safe; 2% risk of failure)
Confirm with . or Enter, or press ? or * to list all spells.
Aiming: Slow (safe; 2% risk of failure)
Press: ? - help, Shift-Dir - straight line, f - river rat
Aim: a river rat (chance to affect: 62%)
The river rat resists with significant effort.
The river rat closely misses you. x2
You shoot a sling bullet. The sling bullet hits the river rat.
The river rat is moderately wounded.
The river rat closely misses you. The river rat bites you!
* * * LOW HITPOINT WARNING * * *
Casting: Slow (safe; 2% risk of failure)
Confirm with . or Enter, or press ? or * to list all spells.
Aiming: Slow (safe; 2% risk of failure)
Press: ? - help, Shift-Dir - straight line, f/p - river rat
Aim: a river rat (moderately wounded, chance to affect: 62%)
The river rat seems to slow down.
The river rat bites you.
* * * LOW HITPOINT WARNING * * *
You shoot a sling bullet.
The sling bullet barely misses the river rat.
The river rat bites you!
You die...

#.≈.≈ { #~≈~~ #~≈~# #~≈~# ######
#.≈~# #.!r@# #~≈~#####'r#####++
#~~~~~....r.......
#.~~~.~........... #~
#~≈~#####''#####++ #~ #.≈~# #....
{ {{ #~ #~≈~# ###### #†
######~≈~#######################~
≈≈≈≈≈≈~≈~~....~~~~~~~~.~†~~~.~.†~


You could see 3 river rats.

Vanquished Creatures
  5 adders
  A river rat (Sewer)
  2 worms (Sewer)
  A dart slug (D:3)
  2 endoplasms (D:2)
  4 giant cockroaches
  4 goblins
  3 hobgoblins
  A jackal (Sewer)
  3 kobolds
  4 quokkas
  6 ball pythons
  7 bats
  4 frilled lizards
  4 rats
51 creatures vanquished.

Notes
Turn   | Place    | Note
-------+----------+-------------------------------------------
     0 | D:1      | Bnni the Formicid Hexslinger began the quest for the Orb.
     0 | D:1      | Reached XP level 1. HP: 15/15 MP: 2/2
   146 | D:1      | Reached XP level 2. HP: 21/21 MP: 3/3
   224 | D:1      | Found a faded altar of an unknown god.
   419 | D:2      | Reached skill level 4 in Hexes
   436 | D:2      | Reached XP level 3. HP: 26/26 MP: 4/4
   461 | D:2      | Reached skill level 1 in Fire Magic
   724 | D:2      | Reached XP level 4. HP: 21/32 MP: 6/6
   925 | D:3      | Found a glowing drain.
   962 | Sewer    | Entered a sewer
  1088 | Sewer    | Reached XP level 5. HP: 34/38 MP: 7/7
  1178 | Sewer    | Slain by a river rat

Illustrated notes

Levels and vault maps discovered:
D:1:      sevenhm_arrival_forest_fort_small_4, layout_rooms,
          shapermc_ecumenical_altar_acropolis
D:2:      layout_basic, nicolae_elevator_lobby_plus
D:3:      layout_loops_ring, serial_shops, nicolae_diamond_shop,
          gup_sewer_entry_glass
Sewer:    sewer_fruit_machine

Skill      XL: |  1  2  3  4  5 |
---------------+----------------+-----
Hexes          | 4 |  4.5
Fire Magic     | 1 2 |  2.0
Ranged Weapons | 3 |  3.0
Fighting       | |  1.9
Dodging        | |  1.7
Spellcasting   | |  1.7

Action                   |  1- 3 |  4- 6 || total
-------------------------+-------+-------++-------
 Fire: Sling             |    88 |    73 ||   161
 Cast: Slow              |     3 |     3 ||     6
Armor: Robe              |     4 |     5 ||     9
Dodge: Dodged            |    19 |    27 ||    46

Table legend: (Time is in decaauts)
 A = Elapsed time spent in this place.
 B = Non-inter-level travel time spent in this place.
 C = Inter-level travel time spent in this place.
 D = Time resting spent in this place.
 E = Time spent auto-exploring this place.
 F = Levels seen in this place.
 G = Mean time per level.
                   A        B        C        D        E       F      G
               +--------+--------+--------+--------+--------+-----+--------+
         Total |   1269 |   1237 |     32 |      0 |    870 |   4 |  317.2 |
       Dungeon |    997 |    965 |     32 |      0 |    712 |   3 |  332.3 |
         Sewer |    272 |    272 |      0 |      0 |    158 |   1 |  272.0 |
               +--------+--------+--------+--------+--------+-----+--------+

Top non-repeatable levels by time:
     D:2: 633 daAuts
     D:1: 285 daAuts
   Sewer: 272 daAuts
     D:3: 78 daAuts
